 Dungeon Crawl Stone Soup version 0.17-a0-1850-g688e747 (webtiles) character file.

132766 Ijustatesigmund the Bludgeoner (level 16, -14/226 HPs)
             Began as a Minotaur Berserker on Sept 17, 2015.
             Was the Champion of Trog.
             Killed from afar by a frost giant (37 damage)
             ... with a bolt of cold
             ... on level 1 of the Depths on Sept 18, 2015.
             The game lasted 01:37:23 (31154 turns).

Ijustatesigmund the Bludgeoner (MiBe)              Turns: 31154, Time: 01:37:23

Health: -14/226    AC: 24    Str: 39    XL:     16   Next: 58%
Magic:  19/19      EV: 15    Int:  4    God:    Trog [******]
Gold:   1095       SH: 16    Dex: 15    Spells: 0 memorised, 15 levels left

rFire  + . .     SeeInvis +     h - +5 eveningstar (flame)
rCold  . . .     Clarity  +     C - +3 plate armour {rF+}
rNeg   + . .     SustAt   .     B - +1 shield {rN+}
rPois  .         Gourm    .     (helmet restricted)
rElec  .         Spirit   .     (no cloak)
rCorr  +         Warding  .     G - +2 pair of gloves {Str+3}
rMut   .         Stasis   .     b - +0 pair of boots
MR     ++++.                    W - amulet "Noyd" {rCorr *Drain Str+7 SInv}
Stlth  ..........               a - +3 ring of slaying
                                o - ring of protection from magic

@: berserking, very slightly contaminated, regenerating, very quick, incredibly
resistant to hostile enchantments, extremely unstealthy
A: retaliatory headbutt, horns 2, clarity
a: Burn Spellbooks, Berserk, Trog's Hand, Brothers in Arms, Renounce Religion


You were on level 1 of the Depths.
You worshipped Trog.
Trog was exalted by your worship.
You were not hungry.

You visited 4 branches of the dungeon, and saw 28 of its levels.
You also visited: Ossuary, Bailey and Ice Cave.

You collected 3692 gold pieces.
You spent 2597 gold pieces at shops.

Inventory:

Hand weapons
 f - a +4 antimagic great mace
 h - a +5 eveningstar of flaming (weapon)
 q - a +3 vampiric flail
Missiles
 t - 4 silver javelins
 N - 4 javelins of penetration
 U - 4 poisoned tomahawks (quivered)
Armour
 b - a +0 pair of boots (worn)
 B - a +1 shield of positive energy (worn)
 C - a +3 plate armour of fire resistance (worn)
 G - a +2 pair of gloves of strength (worn)
Jewellery
 a - a +3 ring of slaying (right hand)
 g - an uncursed amulet of guardian spirit
 o - a ring of protection from magic (left hand)
 z - the amulet "Besiul" {Clar Int+6 SInv}
   (You bought it in a shop on level 12 of the Dungeon)

   [amulet of clarity]

   It provides mental clarity.
   It affects your intelligence (+6).
   It lets you see invisible.
 K - an uncursed ring of protection from magic
 L - an uncursed ring of protection from fire
 P - an uncursed ring of protection from magic
 Q - an uncursed ring of positive energy
 W - the amulet "Noyd" (around neck) {rCorr *Drain Str+7 SInv}
   (You bought it in a shop on level 1 of the Depths)

   [amulet of resist corrosion]

   It protects you from acid and corrosion.
   It affects your strength (+7).
   It lets you see invisible.
   It causes draining when unequipped.
Magical devices
 s - a wand of draining (4)
 D - a wand of cold (2)
 E - a wand of digging (9)
 H - a wand of polymorph (11)
 I - a wand of disintegration (8)
 J - a wand of cold (9)
 R - a wand of slowing (26)
 T - a wand of lightning (6)
 X - a wand of fire (5)
 Z - a wand of cold (7)
Scrolls
 d - 15 scrolls of identify
 k - 4 scrolls of immolation
 m - 5 scrolls of teleportation
 u - 3 scrolls of magic mapping
 v - 3 scrolls of recharging
 x - 5 scrolls of remove curse
 y - a scroll of fog
 O - 4 scrolls of fear
 S - a scroll of brand weapon
 V - 2 scrolls of summoning
 Y - a scroll of enchant armour
Potions
 i - 3 potions of heal wounds
 l - a potion of flight
 n - 13 potions of curing
 p - 5 potions of might
 r - 5 potions of lignification
 w - 5 potions of haste
 A - 3 potions of brilliance
Books
 M - a book of Spatial Translocations

   Spells                             Type                      Level
   a - Apportation                    Translocation                1
   b - Blink                          Translocation                2
   c - Shroud of Golubria             Charms/Translocation         2
   d - Portal Projectile              Translocation                3
   e - Teleport Other                 Translocation                3
   f - Passage of Golubria            Translocation                4
   Trog disapproves of the use of such an item.
Miscellaneous
 F - a phantom mirror
Comestibles
 c - 12 bread rations
 j - 11 meat rations


   Skills:
 * Level 16.3 Fighting
 * Level 19.7 Maces & Flails
 - Level 4.2 Throwing
 + Level 14.4 Armour
 - Level 12.3 Dodging
 - Level 11.4 Shields
 - Level 6.1 Evocations


You had 15 spell levels left.
You didn't know any spells.

Dungeon Overview and Level Annotations

Branches:
Dungeon (15/15)            Temple (0/1) D:7            Lair (8/8) D:8
 Shoals (0/4) Lair:4        Snake (0/4) Lair:5        Slime (0/6) Lair:8
    Orc (4/4) D:12            Elf (0/3) Orc:3        Vaults (0/5) D:13
 Depths (1/5) D:15

Altars:
Cheibriados
Dithmenos
Kikubaaqudgha
Qazlal
Ru
Sif Muna
Xom
Yredelemnul
Beogh
Jiyva
Lugonu

Shops:
D:4 %   D:8 =   D:12 [(=   D:13 %   Orc:3 (   Orc:4 :*([=   Depths:1 *=

Portals:
Hell: Depths:1
Ziggurat: Depths:1
Trove: D:11 (give +5 fire dragon armour)

Annotations:
D:8 exclusion: ice statue


Innate Abilities, Weirdness & Mutations

You reflexively headbutt those who attack you in melee.
You have a pair of horns on your head.
You possess an exceptional clarity of mind.


Message History

You continue eating. x2
You finish eating.
That meat ration really hit the spot!
Use which ability?
Your skin crawls.
You feel resistant to hostile enchantments.
You feel slightly more hungry.
The frost giant points at you and mumbles some strange words.
The bolt of cold hits you!
* * * LOW HITPOINT WARNING * * *
Use which ability?
A red film seems to cover your vision as you go berserk!
You feel yourself moving faster!
You feel mighty!
You feel somewhat more hungry. The frost giant casts a spell at you.
The bolt of cold hits you!
* * * LOW HITPOINT WARNING * * *
You feel a strong urge to attack something.
The frost giant gestures at you while chanting.
The bolt of cold hits you!
You die...

#8# ###.......≈#...#≈#
####.#####..........≈#...
#.8.∩.8.#..#.........≈#
#####...(...'.##.......∩#.≈#
.##.'...8...####........#≈#
....#.......# #........≈#
#####...†...# #........#≈#
#.......# #........##≈#
#.......# #@..#..### #≈#
#.......# ##.####..## #≈#
######.## #C.#...#..# #≈# .#
#T##.∩.##.# ## ..
#.(#...#..# .# ##(#####....
##m.#...... #...T'........
.......#.......


You could see a frost giant, an iron troll and a merfolk javelineer.

Vanquished Creatures
  An ancient lich (Depths:1)
  A lich (Depths:1)
  Frances (D:13)
  Kirke (D:12)
  An orc warlord (Orc:4)
  A stone giant (Depths:1)
  4 vault guards (D:13)
  4 fire dragons
  13 hydras
  An ice dragon (Lair:6)
  A naga warrior (Lair:5)
  A catoblepas (Lair:4)
  2 centaur warriors
  Erica (D:8)
  Erolcha (D:8)
  A deep troll earth mage (Depths:1)
  2 orc high priests (Orc:4)
  2 unseen horrors (D:15)
  5 deep trolls (Depths:1)
  An ice statue (IceCv)
  A necromancer (IceCv)
  Pikel (D:9)
  An oklob plant (D:14)
  4 orc sorcerers (Orc:4)
  6 hill giants
  A wolf spider zombie (D:15)
  16 ugly things
  3 orc knights (Orc:4)
  2 cyclopes
  A griffon (D:15)
  3 wolf spiders
  2 hornets (Lair:8)
  A guardian serpent (Lair:8)
  Maurice (D:11)
  Joseph (D:8)
  16 elephants
  18 spiny frogs
  14 black mambas
  3 centaur skeletons
  A redback zombie (D:13)
  A tengu conjurer (D:14)
  12 komodo dragons
  5 yaktaurs (Depths:1)
  A spriggan druid (Lair:7)
  A two-headed ogre (D:9)
  4 fire drakes
  7 polar bears
  A queen bee (D:8)
  The ghost of Ijustatesigmund the Skirmisher, an average DsBe of Trog (D:4)
  A polar bear (shapeshifter) (D:13)
  4 trolls
  Prince Ribbit (D:7)
  30 blink frogs
  7 slime creatures
  9 freezing wraiths (IceCv)
  A snapping turtle (Lair:4)
  5 wyverns
  2 water elementals (Depths:1)
  6 hogs
  6 basilisks
  A shadow (D:13)
  32 yaks
  14 vampire mosquitoes
  A deep elf fighter (D:8)
  11 hippogriffs
  3 steam dragons
  A wraith (D:15)
  A death yak simulacrum (IceCv)
  3 hungry ghosts
  5 mottled dragons
  5 nagas (Lair:5)
  30 water moccasins
  12 wolves
  2 wargs
  4 sky beasts
  8 porcupines
  A swamp drake (Lair:8)
  11 ice beasts
  A slave (D:9)
  A black bear (Lair:7)
  5 spiders (Lair:8)
  4 phantoms
  13 ogres
  26 orc warriors
  14 crocodiles
  4 wasps
  2 alligator simulacra (IceCv)
  16 centaurs
  A brain worm (D:11)
  A necrophage (D:11)
  2 big kobolds
  23 giant frogs
  A wyvern zombie (D:11)
  2 wyvern skeletons
  12 wights
  14 scorpions
  A vampire bat (D:5)
  26 killer bees
  A giant frog zombie (D:5)
  A quasit (D:11)
  An electric eel (Lair:8)
  10 hounds
  10 centaur zombies
  16 jellies
  A gnoll shaman (D:8)
  2 human zombies (Ossuary)
  2 draconian simulacra (IceCv)
  2 crimson imps
  21 orc priests
  4 giant frog skeletons
  16 iguanas
  31 orc wizards
  16 worker ants
  2 spriggan simulacra (IceCv)
  6 troll simulacra (IceCv)
  4 big kobold zombies (Ossuary)
  A wolf simulacrum (IceCv)
  16 sheep
  3 centaur simulacra
  4 mummies
  A hound zombie (D:6)
  3 worker ant zombies
  2 hound skeletons
  4 gnolls (D:8)
  50 river rats
  20 adders
  A scorpion zombie (Ossuary)
  3 ogre simulacra (IceCv)
  3 shadow imps
  5 naga simulacra (IceCv)
  12 white imps (IceCv)
  12 oozes
  A worm (D:2)
  An adder skeleton (D:5)
  3 fire bats (D:5)
  159 orcs
  2 spectral bats (D:5)
  2 ball pythons
  24 bats
  3 bat skeletons (D:5)
  A bat zombie (D:5)
  5 giant cockroaches
  7 hobgoblins
  3 jackals (D:5)
  6 quokkas
  A bat simulacrum (D:5)
  4 giant geckos
  5 giant newts
  7 goblins
  5 goblin zombies (Ossuary)
  A hobgoblin zombie (Ossuary)
  20 kobolds
  4 kobold zombies
  2 orc zombies
  A quokka skeleton (D:10)
  15 rats
  7 fungi (D:14)
1135 creatures vanquished.

Vanquished Creatures (collateral kills)
  Maud (D:12)
  Snorg (D:11)
  A great orb of eyes (Depths:1)
  A hydra (Lair:8)
  A deep troll shaman (Depths:1)
  Sonja (Lair:2)
  Nergalle (D:12)
  A freezing wraith (IceCv)
  2 slime creatures (D:12)
  2 orc warriors (Orc:4)
  A water moccasin (Lair:8)
  An ice beast (IceCv)
  A crocodile (D:12)
  An orc priest (Orc:4)
  An orc wizard (Orc:4)
  An orc (D:7)
18 creatures vanquished.

Vanquished Creatures (others)
  An eldritch tentacle (Depths:1)
  A swamp drake (Lair:8)
  A slave (D:9)
  A crimson imp (D:12)
  An orc (Orc:4)
  A bush (Lair:4)
  83 eldritch tentacle segments (Depths:1)
  15 fungi
  30 plants
134 creatures vanquished.

Grand Total: 1287 creatures vanquished

Notes
Turn   | Place    | Note
--------------------------------------------------------------
     0 | D:1      | Ijustatesigmund the Minotaur Berserker began the quest for the Orb.
     0 | D:1      | Reached XP level 1. HP: 19/19 MP: 0/0
    80 | D:1      | Reached skill level 4 in Maces & Flails
   239 | D:1      | Reached XP level 2. HP: 23/26 MP: 1/1
   553 | D:2      | Reached skill level 5 in Maces & Flails
   579 | D:2      | Reached XP level 3. HP: 27/31 MP: 2/2
   702 | D:2      | Acquired Trog's second power
   802 | D:2      | Found a basalt altar of Yredelemnul.
  1182 | D:3      | Reached skill level 6 in Maces & Flails
  1182 | D:3      | Reached XP level 4. HP: 39/39 MP: 3/3
  1230 | D:3      | Found a sacrificial altar of Ru.
  1377 | D:3      | Found a shadowy altar of Dithmenos.
  1684 | D:3      | Reached skill level 7 in Maces & Flails
  1684 | D:3      | Reached XP level 5. HP: 45/45 MP: 4/4
  2103 | D:4      | Reached XP level 6. HP: 32/52 MP: 3/5
  2333 | D:4      | Noticed an air elemental
  2335 | D:4      | Found a stormy altar of Qazlal.
  2340 | D:4      | Noticed a fire elemental
  2340 | D:4      | Noticed a water elemental
  2493 | D:4      | Found Ogaor's Food Shoppe.
  2626 | D:4      | Noticed Ijustatesigmund's ghost (average DsBe)
  2635 | D:4      | Killed Ijustatesigmund's ghost
  2635 | D:4      | Reached skill level 5 in Fighting
  2635 | D:4      | Reached skill level 8 in Maces & Flails
  2635 | D:4      | Reached XP level 7. HP: 52/61 MP: 3/6
  2917 | D:5      | Entered Level 5 of the Dungeon
  3133 | D:5      | Reached skill level 9 in Maces & Flails
  3410 | D:6      | Reached skill level 5 in Armour
  3443 | D:6      | Reached XP level 8. HP: 68/70 MP: 7/7
  3755 | D:6      | Reached skill level 10 in Maces & Flails
  3838 | D:6      | Found an ancient bone altar of Kikubaaqudgha.
  3934 | D:6      | Found a sand-covered staircase.
  3943 | Ossuary  | Entered an ossuary
  4161 | Ossuary  | Acquired Trog's third power
  4176 | Ossuary  | Reached skill level 11 in Maces & Flails
  4349 | Ossuary  | Reached XP level 9. HP: 79/79 MP: 8/8
  4776 | D:7      | Found a staircase to the Ecumenical Temple.
  4819 | D:7      | Noticed Prince Ribbit
  4839 | D:7      | Killed Prince Ribbit
  4839 | D:7      | Reached skill level 12 in Maces & Flails
  5071 | D:7      | Found a deep blue altar of Sif Muna.
  5321 | D:8      | Received a gift from Trog
  5362 | D:8      | Reached skill level 1 in Throwing
  5446 | D:8      | Noticed Erolcha
  5463 | D:8      | Killed Erolcha
  5463 | D:8      | Reached skill level 13 in Maces & Flails
  5463 | D:8      | Reached XP level 10. HP: 72/91 MP: 4/9
  5608 | D:8      | Noticed an ice statue
  5635 | D:8      | Noticed Joseph
  5645 | D:8      | Killed Joseph
  5904 | D:8      | Found Byherph's Jewellery Shoppe.
  6150 | D:8      | Noticed Erica
  6151 | D:8      | Bought an uncursed amulet of clarity for 320 gold pieces
  6171 | D:8      | Killed Erica
  6171 | D:8      | Reached skill level 10 in Fighting
  6171 | D:8      | Reached skill level 14 in Maces & Flails
  6429 | D:8      | Found a staircase to the Lair.
  6529 | D:9      | Identified a scroll of acquirement
  6639 | D:9      | Received a gift from Trog
  6758 | D:9      | Found a shimmering altar of Xom.
  6768 | D:9      | Noticed Pikel
  6778 | D:9      | Killed Pikel
  6831 | D:9      | Reached XP level 11. HP: 101/101 MP: 10/10
  7461 | D:10     | Entered Level 10 of the Dungeon
  7586 | D:10     | Reached skill level 15 in Maces & Flails
  8361 | D:11     | Found a portal to a secret trove of treasure.
  8479 | D:11     | Noticed Maurice
  8489 | D:11     | Killed Maurice
  8644 | D:11     | Noticed Snorg
  8656 | D:11     | HP: 3/102 [Snorg (14)]
  8661 | D:11     | Killed Snorg
  9360 | D:11     | Noticed a hill giant
  9368 | D:11     | Killed a hill giant
  9368 | D:11     | Reached skill level 16 in Maces & Flails
  9598 | Lair:1   | Entered Level 1 of the Lair of Beasts
  9756 | D:8      | Received a gift from Trog
  9838 | D:8      | Reached skill level 10 in Armour
 10092 | Lair:1   | Reached XP level 12. HP: 58/111 MP: 11/11
 11754 | Lair:2   | Reached skill level 5 in Dodging
 11766 | Lair:2   | Noticed Sonja
 11779 | Lair:2   | Killed Sonja
 12248 | Lair:2   | Noticed an eight-headed hydra
 12257 | Lair:2   | Killed an eight-headed hydra
 13318 | Lair:4   | Noticed a catoblepas
 13367 | Lair:4   | Killed a catoblepas
 13595 | Lair:4   | Noticed a five-headed hydra
 13604 | Lair:4   | Killed a five-headed hydra
 13803 | Lair:4   | Found a staircase to the Shoals.
 14191 | Lair:4   | Received a gift from Trog
 14256 | Lair:4   | Reached skill level 10 in Dodging
 15214 | Lair:5   | Reached XP level 13. HP: 117/117 MP: 12/12
 15382 | Lair:5   | Found a staircase to the Snake Pit.
 15383 | Lair:5   | Noticed a naga warrior
 15401 | Lair:5   | Killed a naga warrior
 16229 | Lair:5   | Gained mutation: You possess an exceptional clarity of mind. [potion of beneficial mutation]
 16612 | Lair:6   | Found a frozen archway.
 16641 | Lair:6   | Reached skill level 17 in Maces & Flails
 16833 | IceCv    | Entered an ice cave
 17890 | IceCv    | Found an ancient bone altar of Kikubaaqudgha.
 18052 | IceCv    | Reached skill level 1 in Evocations
 18235 | Lair:6   | Received a gift from Trog
 19760 | Lair:7   | Reached XP level 14. HP: 109/129 MP: 13/15
 20373 | Lair:8   | Entered Level 8 of the Lair of Beasts
 20436 | Lair:8   | Received a gift from Trog
 21415 | Lair:8   | Reached skill level 18 in Maces & Flails
 21663 | Lair:8   | Found a staircase to the Slime Pits.
 21667 | Lair:8   | Found a viscous altar of Jiyva.
 22018 | Lair:8   | Reached skill level 5 in Evocations
 22047 | Lair:8   | Received a gift from Trog
 23777 | D:12     | Found Odeejeb's Jewellery Shoppe.
 23840 | D:12     | Noticed Kirke
 24249 | D:12     | Killed Kirke
 24249 | D:12     | Reached XP level 15. HP: 134/139 MP: 16/18
 24265 | D:12     | Bought a +3 ring of slaying for 630 gold pieces
 24305 | D:12     | Noticed Maud
 24310 | D:12     | Killed Maud
 24312 | D:12     | Noticed Nergalle
 24313 | D:12     | Found Meack's Antique Armour Boutique.
 24318 | D:12     | Killed Nergalle
 24348 | D:12     | Bought a glowing shield for 153 gold pieces
 24348 | D:12     | Bought a pair of embroidered gloves for 153 gold pieces
 24399 | D:12     | Found a staircase to the Orcish Mines.
 24476 | D:12     | Reached skill level 1 in Shields
 24489 | D:12     | Found Cecusaf's Antique Weapon Boutique.
 24656 | Orc:1    | Entered Level 1 of the Orcish Mines
 24762 | Orc:1    | Received a gift from Trog
 25699 | Orc:3    | Received a gift from Trog
 25930 | Orc:3    | Found Hyogg's Antique Weapon Shoppe.
 25932 | Orc:3    | Found a staircase to the Elven Halls.
 26136 | Orc:4    | Entered Level 4 of the Orcish Mines
 26565 | Orc:4    | Reached skill level 5 in Shields
 26576 | Orc:4    | Found a roughly hewn altar of Beogh.
 26581 | Orc:4    | Received a gift from Trog
 26848 | Orc:4    | Found Emmejeph's Antique Weapon Shop.
 26852 | Orc:4    | Found Bos Gih's Book Shop.
 26859 | Orc:4    | Found Heifainn's Antique Armour Shop.
 26883 | Orc:4    | Bought a jewelled chain mail for 285 gold pieces
 26934 | Orc:4    | Received a gift from Trog
 27027 | Orc:4    | Found a shimmering altar of Xom.
 27120 | Orc:4    | Found Xeomuvim's General Store.
 27229 | Orc:4    | Found Sobb's Jewellery Emporium.
 27403 | Orc:4    | Identified the +8 chain mail of the Hanged Man {MR- rCorr Str+5 Int-5} (You bought it in a shop on level 4 of the Orcish Mines)
 27403 | Orc:4    | Lost intelligence.
 27430 | Orc:4    | Upgraded the game from 0.17-a0-1842-gacc33f2 to 0.17-a0-1850-g688e747
 27523 | D:12     | Bought the amulet "Besiul" {Clar Int+6 SInv} for 613 gold pieces
 27773 | D:13     | Noticed Frances
 27785 | D:13     | Killed Frances
 28236 | D:13     | Found a gate to the Vaults.
 28238 | D:13     | Reached skill level 10 in Shields
 28242 | D:13     | Received a gift from Trog
 28529 | D:13     | Found a snail-covered altar of Cheibriados.
 28589 | D:13     | Found Wiolounk's Food Shop.
 28622 | D:13     | Found a deep blue altar of Sif Muna.
 28871 | D:14     | Found a flagged portal.
 28893 | Bailey   | Entered a bailey
 28933 | Bailey   | Found a burning altar of Makhleb.
 29236 | D:14     | Reached skill level 15 in Fighting
 29491 | D:14     | Received a gift from Trog
 29884 | D:15     | Entered Level 15 of the Dungeon
 29892 | D:14     | Reached XP level 16. HP: 149/149 MP: 19/19
 30084 | D:15     | Reached skill level 19 in Maces & Flails
 30721 | D:15     | Found a staircase to the Depths.
 30753 | Depths:1 | Entered Level 1 of the Depths
 30783 | Depths:1 | Found a gateway to Hell.
 30803 | Depths:1 | Received a gift from Trog
 31012 | Depths:1 | Found Xetsank's General Store.
 31031 | Depths:1 | Bought the amulet "Noyd" {rCorr *Drain Str+7 SInv} for 443 gold pieces
 31041 | Depths:1 | Found Xipehel's Jewellery Shoppe.
 31049 | Depths:1 | Noticed a lich
 31051 | Depths:1 | Found a gateway to a ziggurat.
 31051 | Depths:1 | Noticed an ancient lich
 31056 | Depths:1 | Killed a lich
 31062 | Depths:1 | Killed an ancient lich
 31070 | Depths:1 | Found a corrupted altar of Lugonu.
 31154 | Depths:1 | Killed from afar by a frost giant

Vault maps used:
D:1:      elethiomel_arrival_quiet
D:2:      yredelemnul_altar_generic
D:3:      old_standard_altar, lemuel_doored_altar, first_bread
D:4:      nicolae_qazlal_style_of_elements, serial_shops, shop
D:5:      goddamned_bats
D:6:      nicolae_overflow_hidden_temple, nicolae_ossuary_entry_giza
D:7:      kennysheep_mini, temple_pool_b, uniq_prince_ribbit1
D:8:      minmay_statue_hallways, grunt_lair_entry_elf_guard_hut, serial_shops,
          shop, david_nohive_1, uniq_erolcha, uniq_erica, uniq_joseph
D:9:      xom_butterflies, uniq_pikel
D:11:     nicolae_trove_entry_columns, uniq_snorg, uniq_maurice
D:12:     lemuel_ice_spiral_2, serial_shops, shop, nicolae_shop_waterfront,
          shop, uniq_maud, uniq_kirke, uniq_nergalle
D:13:     lightli_vaults_fourway_checkpoint, serial_shops, shop,
          hangedman_feature_mirror, uniq_frances
D:14:     lemuel_slime, enter_bailey_3, kennysheep_nub
D:15:     grunt_enter_depths_hoard, minivault_23, minmay_misc_feat_room
Lair:1:   st_stairs_13
Lair:2:   uniq_sonja
Lair:3:   serial_forest, infiniplex_forest_clump_medium,
          infiniplex_forest_clump_large, infiniplex_forest_zigzag_1,
          infiniplex_forest_end_2, infiniplex_forest_corner_2,
          infiniplex_forest_lined_2, infiniplex_forest_clump_medium,
          infiniplex_forest_end_2
Lair:4:   minmay_shoals_entry_hut, ldierk_geyser, wad_woods_road_05
Lair:5:   minmay_snake_entry_guardpost_large
Lair:6:   portal_ice_cave_entry_animals_and_master, guppyfry_lair_drakes,
          lemuel_fruit_tree, infiniplex_staircase_pool_2
Lair:7:   kilobyte_rumbling_trees
Lair:8:   guppyfry_lair_end_dragon, hangedman_lair_tendril_chambers,
          slime_altar_1, infiniplex_staircase_pool
Orc:3:    serial_shops, shop_statue, nicolae_orc_pool_cavern
Orc:4:    grunt_orc_cross, basic_altar, serial_shops, shop
Depths:1: enter_ziggurat_d, old_standard_altar, hell_entry, serial_shops, shop,
          shop_statue, nicolae_shop_statue_plus, nicolae_shop_statue_plus,
          nicolae_shop_trees, dk_noncrumbling_3, nicolae_water_bricks,
          tgw_lugonu_bribe, serial_bayou_shore_a, serial_bayou_shore_b,
          serial_bayou_shore_b, serial_bayou_shore_b
Ossuary:  ossuary_minmay_scorpions
Bailey:   bailey_axe_3, bailey
IceCv:    ice_cave_small_necro

Action                   |  1- 3 |  4- 6 |  7- 9 | 10-12 | 13-15 | 16-18 || total
-------------------------+-------+-------+-------+-------+-------+-------++-------
Melee: Mace              |    71 |    83 |   109 |       |       |       ||   263
       Flail             |       |       |   267 |   118 |       |       ||   385
       Great mace        |       |       |       |   641 |   917 |       ||  1558
       Eveningstar       |       |       |       |       |   573 |   164 ||   737
Throw: Tomahawk          |       |       |     2 |     6 |    10 |     6 ||    24
Invok: Berserk           |     1 |     2 |     2 |     4 |    11 |     1 ||    21
       Trog's Hand       |       |       |     1 |     3 |     8 |     2 ||    14
       Brothers in Arms  |       |       |       |     2 |     4 |     1 ||     7
       Burn Spellbooks   |       |       |       |     2 |     2 |       ||     4
Evoke: Wand              |       |       |       |       |     4 |     1 ||     5
  Use: Scroll            |     7 |     5 |    10 |     8 |    17 |     2 ||    49
       Potion            |       |     1 |     1 |     2 |     7 |     2 ||    13
 Stab: Sleeping          |     1 |       |       |       |       |       ||     1
       Distracted        |       |       |       |     1 |     3 |       ||     4
  Eat: Chunk             |       |     8 |     5 |    29 |    35 |       ||    77
       Bread ration      |       |       |     1 |       |       |     1 ||     2
       Fruit             |       |       |     3 |       |    12 |       ||    15
       Meat ration       |       |       |     1 |       |     1 |     1 ||     3
       Royal jelly       |       |       |       |     5 |     3 |       ||     8
       Pizza             |       |       |       |     1 |     3 |       ||     4
